 Dungeon Crawl Stone Soup version 0.32-a0-433-g08bcfe7efd (webtiles) character file.

Game seed: 9136048263790277841

211 ezpacito the Trooper (level 5, -7/41 HPs)
             Began as a Demonspawn Chaos Knight on Feb 23, 2024.
             Was a Plaything of Xom.
             Mangled by a gnoll
             ... wielding a +1 spear of venom
              (9 damage)
             ... on level 4 of the Dungeon.
             The game lasted 00:05:06 (2873 turns).

ezpacito the Trooper (Demonspawn Chaos Knight)      Turns: 2873, Time: 00:05:06

Health: -7/41      AC:  9    Str: 10    XL:     5   Next: 57%
Magic:  6/6        EV:  5    Int:  9    God:    Xom [...*..]
Gold:   62         SH:  4    Dex: 12    Spells: 1/5 levels left

rFire   . . .        a - +0 hand axe (chaos)
rCold   . . .        (no shield)
rNeg    . . .        j - +1 chain mail
rPois   .            (helmet restricted)
rElec   .            (no cloak)
rCorr   .            (no gloves)
SInv    .            (no boots)
Will    .....        (no amulet) Stlth
                     (no ring)
HPRegen 0.26/turn    (no ring)
MPRegen 0.10/turn

%: clarity
@: lethally poisoned (-7 -> -13)
A: large bone plates 1, antennae 1, clarity, dopey 2, teleportitis 1, weak 2,
inability to drink after injury 1
a: Renounce Religion


You were on level 4 of the Dungeon.
You worshipped Xom.
You were a favourite toy of Xom.
You visited 1 branch of the dungeon, and saw 4 of its levels.

You collected 146 gold pieces.
You spent 84 gold pieces at shops.

Inventory:

Hand Weapons
 a - a +0 hand axe of chaos (weapon)
 i - a +0 war axe
Missiles
 f - a poisoned dart
 g - 2 throwing nets (quivered)
 k - 5 boomerangs
 m - a javelin
Armour
 b - a +2 leather armour
 j - a +1 chain mail (worn)
Talismans
 h - a blade talisman
Scrolls
 c - a scroll of butterflies
 e - a scroll of torment


   Skills:
 * Level 3.6 Fighting
 * Level 3.4 Axes
 + Level 0.8 Throwing
 * Level 2.5 Armour
 * Level 2.2 Dodging
 + Level 1.1 Stealth
 * Level 1.4 Unarmed Combat
 + Level 0.9 Spellcasting
 + Level 0.3 Conjurations


You had one spell level left.
You knew the following spells:

 Your Spells              Type           Power      Damage    Failure   Level
a - Freeze                Ice            0%         1d3       100%        1
b - Hailstorm             Conj/Ice       0%         3d5       100%        3

Your spell library contained the following spells:

 Spells                   Type           Power      Damage    Failure   Level
 Frozen Ramparts          Ice            0%         1d1       100%        3


Dungeon Overview and Level Annotations

Branches:
Dungeon (4/15)
 Temple: D:4-7

Altars:

Shops:
D:3 *   D:4 (

Annotations:
D:4 Dowan, Duvessa


Innate Abilities, Weirdness & Mutations

You are partially covered in large bone plates. (SH +4)
You have a pair of small antennae on your head.
You possess an exceptional clarity of mind.
You are very dopey. (Int -4)
You are occasionally teleported next to monsters.
You are very weak. (Str -4)
You occasionally lose the ability to drink potions when taking damage.


Message History

The gnoll barely misses your butterfly. x2
You feel sick.
You are no longer poisoned.
Things that are here:
a +0 flail; a gnoll corpse You block the gnoll's attack.
The gnoll barely misses your butterfly.
Things that are here:
a +0 club; 4 stones You closely miss the gnoll.
The gnoll is moderately wounded.
The gnoll completely misses you.
The gnoll closely misses your butterfly.
You closely miss the gnoll.
The gnoll is moderately wounded.
The gnoll hits you from afar with a +0 halberd.
The gnoll hits your butterfly with a +1 spear of venom.
Your butterfly dies!
Your butterfly disappears in a burst of colours!
Unknown command.
You feel better.
Your butterfly disappears in a burst of colours!
The gnoll hits you from afar with a +0 halberd.
The gnoll hits you with a +1 spear of venom.
You are poisoned.
You feel very sick.
Your butterfly disappears in a burst of colours! x2
The gnoll attacks as it pursues you!
The gnoll hits you from afar with a +0 halberd!
* * * LOW HITPOINT WARNING * * *
Something hits your butterfly.
Your butterfly dies!
Your butterfly disappears in a burst of colours!
Things that are here:
a +0 flail; a gnoll corpse
* * * LOW HITPOINT WARNING * * *
You feel sick.
Your butterfly disappears in a burst of colours!
The gnoll hits you but does no damage.
The gnoll hits you with a +1 spear of venom!
You die...

..# ### #... ... #
#... #.########. .....
#.#.......
.....##.#...?.########
......b..bb.#(....(#
#.b.bbb.b..∩.(....#
#.b.gg.b..)#.....(#
..####@#)†...########
#......).).......#
........bb........#
###.####.>#####.<.# #
#### ...# ...# ###


You could see 2 gnolls.

Vanquished Creatures
  An orc priest (D:3)
  7 adders
  2 gnolls (D:4)
  3 ribbon worms (D:3)
  2 dart slugs
  5 orcs
  7 endoplasms
  2 giant cockroaches
  10 goblins
  4 hobgoblins
  3 jackals
  A quokka (D:2)
  3 training dummies (D:4)
  10 ball pythons
  8 bats
  4 frilled lizards
  5 kobolds
  4 rats
81 creatures vanquished.

Vanquished Creatures (others)
  A bat (D:3)
1 creature vanquished.

Grand Total: 82 creatures vanquished

Notes
Turn   | Place    | Note
-------+----------+-------------------------------------------
     0 | D:1      | ezpacito the Demonspawn Chaos Knight began the quest for
                  | the Orb.
     0 | D:1      | Reached XP level 1. HP: 18/18 MP: 1/1
    33 | D:1      | XOM: silly message
    36 | D:1      | Reached skill level 1 in Dodging
    48 | D:1      | Gained mutation: You are partially covered in large bone
                  | plates. (SH +4) [demonic ancestry]
    48 | D:1      | Reached XP level 2. HP: 22/24 MP: 2/2
    94 | D:1      | XOM: silly message
   448 | D:2      | XOM: silly message
   515 | D:2      | Reached XP level 3. HP: 29/29 MP: 3/3
   887 | D:2      | Reached skill level 1 in Unarmed Combat
   961 | D:2      | Reached XP level 4. HP: 35/35 MP: 4/4
  1100 | D:2      | XOM: give mutations
  1100 | D:2      | Gained mutation: You occasionally lose the ability to drink
                  | potions when taking damage. [Xom's mischief]
  1100 | D:2      | Gained mutation: You are weak. (Str -2) [Xom's mischief]
  1100 | D:2      | Gained mutation: You possess an exceptional clarity of
                  | mind. [Xom's mischief]
  1245 | D:2      | XOM: noise
  1345 | D:3      | XOM: chaos cloud
  1484 | D:3      | XOM: smoke on damage
  1627 | D:3      | XOM: give mutations
  1627 | D:3      | Gained mutation: You are occasionally teleported next to
                  | monsters. [Xom's mischief]
  1627 | D:3      | Gained mutation: You have hidden genetic defects. [Xom's
                  | mischief]
  1627 | D:3      | Gained mutation: You are dopey. (Int -2) [Xom's mischief]
  1627 | D:3      | Gained mutation: You have a pair of small antennae on your
                  | head. [Xom's mischief]
  1788 | D:3      | XOM: stat loss: -1 Str (11/12)
  1804 | D:3      | Learned a level 1 spell: Freeze
  1808 | D:3      | Learned a level 3 spell: Hailstorm
  1832 | D:3      | XOM: draining
  1927 | D:3      | Gained mutation: You are very dopey. (Int -4) [hidden
                  | defects]
  2005 | D:3      | Found Ocaboh's General Store.
  2015 | D:3      | Bought a scroll of identify for 24 gold pieces
  2015 | D:3      | Bought a potion of heal wounds for 60 gold pieces
  2038 | D:3      | Found a faded altar of an unknown god.
  2038 | D:3      | Noticed a hellwing
  2086 | D:3      | Reached XP level 5. HP: 15/40 MP: 6/6
  2102 | D:3      | Reached skill level 1 in Stealth
  2110 | D:3      | Gained mutation: You are very weak. (Str -4) [hidden
                  | defects]
  2110 | D:3      | Lost mutation: You have hidden genetic defects. [hidden
                  | defects expressed]
  2655 | D:3      | XOM: god gift: potion of curing
  2805 | D:4      | Noticed Dowan
  2806 | D:4      | Noticed Duvessa
  2809 | D:4      | XOM: summons 5 friendly demons
  2817 | D:4      | Found Mushrodghi's Firing Range.
  2849 | D:4      | HP: 1/41 [poisoned by a gnoll]
  2873 | D:4      | HP: 2/41 [poisoned by a gnoll]
  2873 | D:4      | Mangled by a gnoll

Illustrated notes

Levels and vault maps discovered:
D:1:      dpeg_arrival_solitude, layout_rooms
D:2:      minmay_chambers_of_ones, layout_rooms, kennysheep_generic_room_14
D:3:      minmay_skewed_foursquare, layout_basic,
          dreamdust_ecumenical_altar_sealed_demon, serial_shops, shop,
          corexii_item_surrounded_by_moat, hangedman_abyss_or_decor_stabs,
          nicolae_elevator_lobby_plus
D:4:      layout_basic, okawaru_gym_becter, mainiacjoe_overflow_alcove_2,
          nicolae_shop_firing_range, uniq_pikel, uniq_duvessa

Skill      XL: |  1  2  3  4  5 |
---------------+----------------+-----
Dodging        | 1 2 |  2.2
Armour         | 2 |  2.5
Axes           | 3 |  3.4
Unarmed Combat | 1 |  1.4
Stealth        | 1 |  1.1
Fighting       | |  3.6
Throwing       | |  0.8
Spellcasting   | |  0.9
Conjurations   | |  0.3

Action                     |  1- 3 |  4- 6 || total
---------------------------+-------+-------++-------
  Melee: Hand axe          |    95 |   116 ||   211
    Use: Scroll            |       |     9 ||     9
         Potion            |       |     4 ||     4
   Stab: Sleeping          |     1 |     1 ||     2
         Confused          |       |     1 ||     1
 Armour: Leather armour    |    58 |    26 ||    84
         Chain mail        |       |   100 ||   100
  Dodge: Dodged            |    63 |    44 ||   107
  Block: Other             |    14 |    19 ||    33

Table legend: (Time is in decaauts)
 A = Elapsed time spent in this place.
 B = Non-inter-level travel time spent in this place.
 C = Inter-level travel time spent in this place.
 D = Time resting spent in this place.
 E = Time spent auto-exploring this place.
 F = Levels seen in this place.
 G = Mean time per level.
                   A        B        C        D        E       F      G
               +--------+--------+--------+--------+--------+-----+--------+
         Total |   2902 |   2793 |    109 |    115 |   2097 |   4 |  725.5 |
       Dungeon |   2902 |   2793 |    109 |    115 |   2097 |   4 |  725.5 |
               +--------+--------+--------+--------+--------+-----+--------+

Top non-repeatable levels by time:
     D:3: 1548 daAuts
     D:2: 931 daAuts
     D:1: 350 daAuts
     D:4: 71 daAuts
